 Dungeon Crawl Stone Soup version 0.18-a0-867-gfd1cc8f (webtiles) character file.

108 Raultor the Insei (level 4, -1/40 HPs)
             Began as a Draconian Monk on Dec 21, 2015.
             Killed from afar by an orc wizard (11 damage)
             ... with a magic dart
             ... on level 3 of the Dungeon.
             The game lasted 00:03:36 (1783 turns).

Raultor the Insei (Draconian Monk)                  Turns: 1783, Time: 00:03:36

Health: -1/40      AC:  5    Str: 13    XL:     4   Next: 58%
Magic:  4/4        EV: 13    Int: 10    God:
Gold:   64         SH:  0    Dex: 15    Spells: 0 memorised, 3 levels left

rFire  . . .     SeeInvis .       - Unarmed
rCold  . . .     Gourm    .     (armour unavailable)
rNeg   . . .     Faith    .     (no shield)
rPois  .         Spirit   .     (helmet restricted)
rElec  .         Dismiss  .     (no cloak)
rCorr  .         Reflect  .     (no gloves)
SustAt .         Harm     .     (no boots)
MR     .....                    (no amulet)
Stlth  ++........               (no ring)
                                (no ring)

@: not resistant to hostile enchantments, unstealthy
A: unfitting armour, cold-blooded, AC +5
a: no special abilities


You were on level 3 of the Dungeon.
You were not hungry.

You visited 1 branch of the dungeon, and saw 3 of its levels.

You collected 64 gold pieces.

Inventory:

Scrolls
 b - a scroll of recharging {unknown}
 f - 2 scrolls of enchant armour {unknown}
 g - a scroll of immolation {unknown}
 h - a scroll of teleportation {unknown}
 j - a scroll of random uselessness {unknown}
 k - a scroll of magic mapping {unknown}
Potions
 c - a potion of curing {unknown}
 d - 3 potions of brilliance {unknown}
 e - a potion of degeneration {unknown}
 i - a potion of heal wounds {unknown}
Comestibles
 a - 3 bread rations {@e1}


   Skills:
 + Level 4.2 Fighting
 + Level 3.2 Dodging
 - Level 1.7 Stealth
 * Level 5.1 Unarmed Combat


You had 3 spell levels left.
You didn't know any spells.

Dungeon Overview and Level Annotations

Branches:
Dungeon (3/15)

Altars:
Pakellas


Innate Abilities, Weirdness & Mutations

Your plain brown scales are hard (AC +5).
Your body does not fit into most forms of armour.
You are cold-blooded and may be slowed by cold attacks.


Message History

You see here a ring mail.
There is a stone staircase leading down here.
You climb downwards.
There is a stone staircase leading up here.
A rat comes into view.
A rat is nearby!
Found a bread ration.
Found a stone staircase leading down.
The rat bites you but does no damage.
You hit the rat.
You kill the rat!
Your Unarmed Combat skill increases to level 5!
No target in view!
No target in view!
You see here a rat corpse.
You butcher the rat corpse.
l - a chunk of flesh {@w0} You see here a rat skeleton.
Eating a chunk of flesh {@w0}.
You continue eating. x2
a - 3 bread rations {@e1} (gained 1)
You open the door.
There is an open door here.
A giant newt and a giant gecko come into view.
An orc, an orc priest and an orc wizard come into view.
The giant newt barely misses you.
You completely miss the giant gecko. The giant gecko closely misses you.
The orc priest miscasts a cantrip.
The giant newt misses you.
The giant gecko bites you but does no damage.
You miss the giant gecko.
The orc wizard shouts!
The orc shouts!
The orc priest miscasts a cantrip.
The orc wizard casts a spell.
The orc wizard seems to speed up.
The giant newt bites you but does no damage.
The giant gecko bites you but does no damage.
A bat and an orc come into view.
The giant newt barely misses you.
There is an open door here.
You hit the giant newt.
You kill the giant newt!
You barely miss the giant gecko. Your punch misses the giant gecko.
The giant gecko bites you but does no damage.
You closely miss the giant gecko. The giant gecko bites you.
You take 3 damage, and have 37/40 hp.
You barely miss the giant gecko. The giant gecko barely misses you.
You closely miss the giant gecko.
The giant gecko bites you but does no damage.
The giant gecko bites you.
You take 2 damage, and have 35/40 hp.
You barely miss the giant gecko.
The orc wizard casts a spell.
The orc wizard blinks!
The orc priest miscasts a cantrip.
The giant gecko barely misses you.
You miss the giant gecko.
The orc priest casts a cantrip, but nothing happens.
The giant gecko bites you but does no damage.
You hit the giant gecko. The giant gecko closely misses you.
You closely miss the giant gecko.
Your tail-slap misses the giant gecko.
The orc wizard mumbles some strange words.
The orc wizard blinks!
The giant gecko completely misses you.
You hit the giant gecko but do no damage.
The giant gecko barely misses you.
You hit the giant gecko.
You kill the giant gecko!
You hit the orc.
You kill the orc!
You hit the orc priest but do no damage.
The orc priest barely misses you.
You hit the orc priest but do no damage.
You barely miss the orc priest.
The orc priest hits you but does no damage.
The orc wizard casts a spell.
The orc wizard blinks!
You hit the orc priest.
You tail-slap the orc priest, but do no damage.
The orc priest completely misses you.
The orc wizard gestures wildly while chanting.
The orc wizard blinks!
You hit the orc priest. You tail-slap the orc priest.
The orc wizard points at you and mumbles some strange words.
The magic dart hits you!
The orc priest mumbles some strange prayers to Beogh against you.
Pain shoots through your body!
You take 20 damage, and have 16/40 hp.
MASSIVE DAMAGE!!
You hit the orc priest.
You tail-slap the orc priest, but do no damage.
The orc priest hits you with a dagger!
* * * LOW HITPOINT WARNING * * *
You take 7 damage, and have 9/40 hp.
Unknown command.
You hit the orc priest.
You kill the orc priest!
Things that are here:
a dagger; a chain mail; a hand axe The orc wizard casts a spell at you.
The magic dart hits you!
You die...

#### #.# #....o.....#
#... #.###..........#
#...##>........##
#.........####$.#
#.........# ##.##
#.......# ##..#####
#.......####.......#
#...รท....o)@.......+
#.......####.......#
#.......####.......#
#..................#
#..................#
####........####..##
#..<.....# #.#
#.######.######## .#


You could see an orc wizard.

Vanquished Creatures
  An orc priest (D:3)
  3 adders (D:2)
  A worm (D:2)
  A giant gecko (D:3)
  An orc (D:3)
  2 giant cockroaches
  6 hobgoblins
  4 jackals
  5 bats
  3 giant newts
  6 goblins
  9 kobolds
  5 rats
47 creatures vanquished.

Notes
Turn   | Place    | Note
--------------------------------------------------------------
     0 | D:1      | Raultor the Draconian Monk began the quest for the Orb.
     0 | D:1      | Reached XP level 1. HP: 19/19 MP: 1/1
   223 | D:1      | Reached XP level 2. HP: 20/26 MP: 2/2
  1110 | D:2      | Reached XP level 3. HP: 33/33 MP: 3/3
  1193 | D:2      | Found an oddly glowing altar of Pakellas.
  1279 | D:2      | Reached skill level 3 in Dodging
  1359 | D:2      | Reached skill level 4 in Fighting
  1405 | D:2      | Reached XP level 4. HP: 24/40 MP: 4/4
  1732 | D:3      | Reached skill level 5 in Unarmed Combat
  1780 | D:3      | HP: 9/40 [orc priest/dagger (7)]
  1783 | D:3      | Killed from afar by an orc wizard

Vault maps used:
D:1:      dpeg_arrival_rhombi
D:2:      grunt_pakellas_basics
D:3:      nicolae_overflow_crystal_walls, uniq_natasha

Action                   |  1- 3 |  4- 6 || total
-------------------------+-------+-------++-------
Melee: Unarmed           |   143 |    45 ||   188
 Stab: Sleeping          |     2 |       ||     2
  Eat: Chunk             |     2 |     1 ||     3

Vault maps used:
D:1:      dpeg_arrival_rhombi
D:2:      grunt_pakellas_basics
D:3:      nicolae_overflow_crystal_walls, uniq_natasha

Table legend:
 A = Turns spent in this place as a percentage of turns spent in the entire game.
 B = Non-inter-level travel turns spent in this place as a percentage of non-inter-level travel turns spent in the entire game.
 C = Inter-level travel turns spent in this place as a percentage of turns spent in this place.
 D = Turns resting spent in this place as a percentage of non-inter-level travel turns spent in this place.
 E = Turns spent auto-exploring this place as a percentage of non-inter-level travel turns spent in this place.
 F = Non-inter-level travel turns spent in this place divided by the number of levels of this place that you've seen.
                   A       B       C       D       E      F
               +-------+-------+-------+-------+-------+----------------------
         Total | 100.0 | 100.0 |   0.4 |   1.3 |  13.1 | 155.0
       Dungeon | 100.0 | 100.0 |   0.4 |   1.3 |  13.1 | 155.0
               +-------+-------+-------+-------+-------+----------------------

Table legend:
 A = Kills in this place as a percentage of kills in entire the game.
 B = Kills by you in this place as a percentage of kills by you in the entire game.
 C = Kills by friends in this place as a percentage of kills by friends in the entire game.
 D = Other kills in this place as a percentage of other kills in the entire game.
 E = Experience gained in this place as a percentage of experience gained in the entire game.
 F = Experience gained in this place divided by the number of levels of this place that you have seen.
                   A       B       C       D       E      F
               +-------+-------+-------+-------+-------+----------------------
         Total | 100.0 | 100.0 |  -nan |  -nan | 100.0 |  51.7
       Dungeon | 100.0 | 100.0 |  -nan |  -nan | 100.0 |  51.7
               +-------+-------+-------+-------+-------+----------------------
